 Dungeon Crawl Stone Soup version 0.30-a0-1160-g6e42c06551 (webtiles) character file.

Game seed: 10227289403933242315

240 Newt the Trooper (level 5, -1/94 HPs)
             Began as a Demonspawn Gladiator on Apr 26, 2023.
             Slain by Duvessa
             ... wielding a +0 short sword
              (6 damage)
             ... on level 4 of the Dungeon.
             The game lasted 00:04:13 (2934 turns).

Newt the Trooper (Demonspawn Gladiator)             Turns: 2934, Time: 00:04:14

Health: -1/94      AC: 22    Str: 27    XL:     5   Next: 79%
Magic:  8/8        EV: -1    Int: 13    God:
Gold:   149        SH:  0    Dex: 14    Spells: 7/8 levels left

rFire   . . .        a - +0 rapier
rCold   . . .        (no shield)
rNeg    . . .        r - melded +2 robe of the Baleful God {rElec Str+2}
rPois   +            w - melded +2 hat
rElec   .            (cloak currently unavailable)
rCorr   .            t - melded +2 pair of gloves of Asceticism {Str+4}
SInv    .            v - melded +0 pair of boots
Will    .....        n - amulet of the acrobat Stlth
                     g - +6 ring of strength
HPRegen 0.35/turn    h - +6 ring of strength
MPRegen 0.11/turn

%: acrobat
@: mighty, berserking (expiring), tree-form, constricted, very quick
A: stationary, stasis, torment immunity, boosted hp, (slimy green scales 1),
demonic magic 2, clever 1
a: no special abilities


You were on level 4 of the Dungeon.
You were a tree.
You visited 1 branch of the dungeon, and saw 4 of its levels.

You collected 149 gold pieces.

Inventory:

Hand Weapons
 a - a +0 rapier (weapon)
Missiles
 d - 3 throwing nets (quivered)
 e - a javelin
 k - 65 stones
 l - 5 poisoned darts
 o - 5 silver javelins
Armour
 b - a +0 leather armour
 c - a +0 helmet
 r - the +2 robe of the Baleful God (melded) {rElec Str+2}
   (You found it on level 2 of the Dungeon)

   Str:       It affects your strength (+2).
   rElec:     It insulates you from electricity.
 t - the +2 pair of gloves of Asceticism (melded) {Str+4}
   (You acquired it on level 4 of the Dungeon)

   Str:       It affects your strength (+4).
 v - a +0 pair of boots (melded)
 w - a +2 hat (melded)
 z - a +0 pair of gloves
Jewellery
 g - a +6 ring of strength (left branch)
 h - a +6 ring of strength (right branch)
 j - a ring of ice
 n - an amulet of the acrobat (around neck)
 E - a ring of ice
Scrolls
 m - 2 scrolls of silence
 p - 4 scrolls of teleportation
 q - a scroll of poison
 s - a scroll of butterflies
 y - a scroll of noise
 D - a scroll of vulnerability {unknown}
Potions
 C - a potion of haste


   Skills:
 - Level 4.0 Fighting
 - Level 2.6 Short Blades
 - Level 1.7 Throwing
 + Level 3.3 Dodging
 - Level 2.0 Spellcasting
 - Level 3.0 Summonings


You had 7 spell levels left.
You knew the following spells:

 Your Spells              Type           Power      Damage    Failure   Level
a - Summon Small Mammal   Summ           36%        N/A       8%          1

Your spell library contained the following spells:

 Spells                   Type           Power      Damage    Failure   Level
 Apportation              Tloc           2%         N/A       26%         1
 Necrotise                Necr           4%         1d4       26%         1


Dungeon Overview and Level Annotations

Branches:
Dungeon (4/15)
 Temple: D:4-7

Altars:

Annotations:
D:4 Dowan, Duvessa, Ijyb


Innate Abilities, Weirdness & Mutations

You are a tree.
Your roots penetrate the ground, keeping you stationary.
You cannot be teleported.
You are immune to unholy pain and torment.
Your maximum health is greatly increased.
Your equipment is partially melded.
((You are partially covered in slimy green scales. (AC +2)))
Spells you cast may paralyse nearby enemies.
Your mind is acute. (Int +4, Str/Dex -1)


Message History

Ijyb hits you with a +0 dagger of venom.
* * * LOW HITPOINT WARNING * * *
Unknown command.
A red film seems to cover your vision as you go berserk!
You feel yourself moving faster!
You feel mighty! Duvessa hits you but does no damage.
The ball python bites you but does no damage.
The ball python constricts you.
Dowan hits you with a +2 vampiric dagger.
* * * LOW HITPOINT WARNING * * *
Ijyb hits you but does no damage. Duvessa hits you but does no damage.
The goblin hits you but does no damage.
Unknown command.
You cannot move. (Use ctrl+direction or * direction to attack while stationary and confused.) Unknown command.
You cannot move. (Use ctrl+direction or * direction to attack while stationary and confused.) Unknown command.
You cannot move. (Use ctrl+direction or * direction to attack while stationary and confused.)
You cannot move. (Use ctrl+direction or * direction to attack while stationary and confused.)
You closely miss Ijyb.
Ijyb is almost dead.
The ball python bites you but does no damage.
The ball python constricts you. Duvessa hits you but does no damage.
The goblin hits you with a +0 dagger.
* * * LOW HITPOINT WARNING * * *
Dowan hits you but does no damage.
Ijyb screams, "You nasty!
Big nasty!"
Ijyb hits you but does no damage.
You attack the rock wall.
Duvessa hits you with a +0 short sword.
* * * LOW HITPOINT WARNING * * *
The ball python bites you but does no damage.
The ball python constricts you.
* * * LOW HITPOINT WARNING * * *
You nearly hit yourself!
You feel a strong urge to attack something.
You feel less invigorated.
You feel less confused. Ijyb hits you but does no damage.
The goblin hits you but does no damage. Duvessa hits you with a +0 short sword.
You die...

............#
............#
............#
............#
............##
.............###
............#..########.
..........##..#e......
.........####.♣g......
........## #geS......
..>...### #..........
#.... #........... ###
#............
#.............
##............
##...........


You could see Duvessa (fast), Ijyb, Dowan, a goblin and a ball python.

Vanquished Creatures
  An orc priest (D:2)
  2 iguanas (D:4)
  An orc wizard (D:2)
  Robin (D:3)
  4 adders
  A worm (D:2)
  9 orcs
  6 endoplasms
  A giant cockroach (D:2)
  14 goblins
  7 hobgoblins
  3 quokkas
  5 ball pythons
  8 bats
  5 kobolds
  6 rats
74 creatures vanquished.

Vanquished Creatures (collateral kills)
  A dart slug (D:3)
  A giant cockroach (D:4)
2 creatures vanquished.

Vanquished Creatures (others)
  10 plants (D:3)
10 creatures vanquished.

Grand Total: 86 creatures vanquished

Notes
Turn   | Place    | Note
-------+----------+-------------------------------------------
     0 | D:1      | Newt the Demonspawn Gladiator began the quest for the Orb.
     0 | D:1      | Reached XP level 1. HP: 16/16 MP: 1/1
   120 | D:1      | Gained mutation: You are partially covered in slimy green
                  | scales. (AC +2) [demonic ancestry]
   120 | D:1      | Reached XP level 2. HP: 23/23 MP: 2/2
   395 | D:1      | Reached skill level 3 in Fighting
   917 | D:2      | Identified the +2 robe of the Baleful God {rElec Str+2}
   956 | D:2      | Found a faded altar of an unknown god.
   964 | D:2      | Learned a level 1 spell: Summon Small Mammal
   986 | D:2      | Gained mutation: Spells you cast may paralyse adjacent
                  | enemies. [demonic ancestry]
   986 | D:2      | Reached XP level 3. HP: 29/29 MP: 3/3
  1344 | D:2      | Reached skill level 4 in Fighting
  1983 | D:2      | Reached skill level 1 in Summonings
  1983 | D:2      | Gained mutation: Spells you cast may paralyse nearby
                  | enemies. [demonic ancestry]
  1983 | D:2      | Reached XP level 4. HP: 25/37 MP: 4/4
  2207 | D:3      | Reached XP level 5. HP: 42/42 MP: 4/6
  2216 | D:3      | Reached skill level 1 in Spellcasting
  2533 | D:4      | Identified a scroll of acquirement
  2533 | D:4      | Acquired the +2 pair of gloves of Asceticism {Str+4}
  2621 | D:4      | Noticed Robin
  2667 | D:3      | Killed Robin
  2910 | D:4      | Noticed Ijyb
  2916 | D:4      | Noticed Dowan
  2921 | D:4      | Noticed Duvessa
  2927 | D:4      | Gained mutation: You are clumsy. (Dex -2) [potion of
                  | mutation]
  2927 | D:4      | Gained mutation: Your mind is acute. (Int +4, Str/Dex -1)
                  | [potion of mutation]
  2927 | D:4      | Lost mutation: You are clumsy. (Dex -2) [potion of
                  | mutation]
  2928 | D:4      | HP: 2/42 [Dowan/+2 vampiric dagger (2)]
  2933 | D:4      | HP: 2/94 [Duvessa/+0 short sword (6)]
  2934 | D:4      | Slain by Duvessa

Illustrated notes

Levels and vault maps discovered:
D:1:      amcnicky_arrival_gap_in_the_tavern_cellar, layout_loops_ring
D:2:      layout_basic, chequers_ecumenical_altar_simple,
          minmay_misc_feat_nine_boxes, minmay_pentomino_v4
D:3:      layout_rooms, st_stairs_12, serial_bayou_lagoon_a
D:4:      layout_cave_pods, grunt_temple_overflow_holy_war,
          nemelex_diamond_rough_becter, ebering_ghost_reflecting_pool,
          uniq_robin, uniq_ijyb, uniq_duvessa

Skill      XL: |  1  2  3  4  5 |
---------------+----------------+-----
Fighting       | 3 4 |  4.0
Summonings     | 1 3 |  3.0
Spellcasting   | 2 |  2.0
Dodging        | 3 |  3.3
Short Blades   | |  2.6
Throwing       | |  1.7

Action                     |  1- 3 |  4- 6 || total
---------------------------+-------+-------++-------
  Melee: Rapier            |   145 |   129 ||   274
         Punch             |     1 |     2 ||     3
  Throw: Throwing net      |       |     1 ||     1
   Cast: Summon Small Mamm |       |    19 ||    19
    Use: Scroll            |     4 |     4 ||     8
         Potion            |       |     5 ||     5
   Stab: Sleeping          |     2 |       ||     2
         Paralysed         |       |    17 ||    17
 Armour: Leather armour    |    24 |       ||    24
         Robe              |    25 |    76 ||   101
         Skin              |       |    15 ||    15
  Dodge: Dodged            |   115 |   132 ||   247

Table legend: (Time is in decaauts)
 A = Elapsed time spent in this place.
 B = Non-inter-level travel time spent in this place.
 C = Inter-level travel time spent in this place.
 D = Time resting spent in this place.
 E = Time spent auto-exploring this place.
 F = Levels seen in this place.
 G = Mean time per level.
                   A        B        C        D        E       F      G
               +--------+--------+--------+--------+--------+-----+--------+
         Total |   2958 |   2753 |    205 |    259 |   1843 |   4 |  739.5 |
       Dungeon |   2958 |   2753 |    205 |    259 |   1843 |   4 |  739.5 |
               +--------+--------+--------+--------+--------+-----+--------+

Top non-repeatable levels by time:
     D:2: 1260 daAuts
     D:1: 771 daAuts
     D:3: 693 daAuts
     D:4: 232 daAuts
